 Dungeon Crawl Stone Soup version 0.31.0-10-gcf4a605ca0 (webtiles) character file.

Game seed: 12588151280476517249

1654 booth the Cleaver (level 8, -1/60 HPs)
             Began as a Demonspawn Monk on Jan 25, 2024.
             Was a Believer of Hepliaklqana.
             Slain by an unseen horror (8 damage)
             ... on level 6 of the Dungeon on Jan 26, 2024.
             The game lasted 00:29:25 (5365 turns).

booth the Cleaver (Demonspawn Monk)                 Turns: 5365, Time: 00:29:26

Health: -1/60      AC:  9    Str: 14    XL:     8   Next: 68%
Magic:  10/10      EV: 12    Int: 10    God:    Hepliaklqana [**....]
Gold:   189        SH:  0    Dex: 16    Spells: 7/7 levels left

rFire   + . .        a - +1 hand axe
rCold   . . .        (no shield)
rNeg    . . .        j - +0 ring mail
rPois   .            (no helmet)
rElec   .            (no cloak)
rCorr   .            n - +1 pair of gloves
SInv    .            q - +0 pair of boots
Will    .....        (no amulet)
Stlth   +            u - ring of protection from fire
HPRegen 0.30/turn    (no ring)
MPRegen 0.12/turn

%: no passive effects
@: no status effects
A: reduced essence, rugged brown scales 1, demonic magic 2
a: Renounce Religion, Recall Ancestor, Ancestor Identity


You were on level 6 of the Dungeon.
You worshipped Hepliaklqana.
Hepliaklqana was pleased with you.
You visited 2 branches of the dungeon, and saw 7 of its levels.

You collected 321 gold pieces.
You spent 132 gold pieces at shops.

Inventory:

Hand Weapons
 a - a +1 hand axe (weapon)
 f - a +0 war axe
Missiles
 k - 2 poisoned darts (quivered)
Armour
 b - a +0 robe
 d - an orb of light
 j - a +0 ring mail (worn)
 n - a +1 pair of gloves (worn)
 q - a +0 pair of boots (worn)
Jewellery
 g - an amulet of faith
 u - a ring of protection from fire (left hand)
 w - a ring of flight
Wands
 m - a wand of roots (25)
Scrolls
 i - a scroll of fear
 o - 2 scrolls of immolation
 r - a scroll of vulnerability {unknown}
 t - a scroll of brand weapon {unknown}
Potions
 c - 3 potions of ambrosia
 h - a potion of curing {unknown}
 l - a potion of invisibility
 p - a potion of lignification
 s - a potion of enlightenment
 v - a potion of brilliance {unknown}
 x - a potion of haste {unknown}


   Skills:
 + Level 6.7 Fighting
 * Level 8.2 Axes
 + Level 3.7 Dodging
 + Level 3.1 Invocations


You had 7 spell levels left.
You didn't know any spells.
Your spell library contained the following spells:

 Spells                   Type           Power      Damage    Failure   Level
 Freeze                   Ice            0%         1d3       61%         1
 Call Imp                 Summ           0%         N/A       75%         2
 Sublimation of Blood     Necr           0%         N/A       75%         2
 Frozen Ramparts          Ice            0%         1d1       93%         3
 Hailstorm                Conj/Ice       0%         3d5       93%         3
 Summon Ice Beast         Ice/Summ       0%         N/A       93%         3
 Volatile Blastmotes      Fire/Tloc      0%         2d10      93%         3
 Fulminant Prism          Conj/Alch      0%         3d5       100%        4
 Iskenderun's Mystic Bla  Conj/Tloc      0%         2d3       100%        4
 Sculpt Simulacrum        Ice/Alch       0%         N/A       100%        6
 Summon Hydra             Summ           0%         N/A       100%        7


Dungeon Overview and Level Annotations

Branches:
Dungeon (6/15)             Temple (1/1) D:4

Altars:
Ashenzari
Cheibriados
Dithmenos
Gozag
Hepliaklqana
Kikubaaqudgha
Makhleb
Nemelex Xobeh
Qazlal
Sif Muna
Trog
Uskayaw
Wu Jian
Xom

Shops:
D:2 [   D:3 !*[*


Innate Abilities, Weirdness & Mutations

Your life essence is reduced to manifest your ancestor. (-10% HP)
You are partially covered in rugged brown scales. (AC +1, +3% HP)
Spells you cast may paralyse nearby enemies.


Message History

You feel strangely unstable.
Something barely misses Ntombia.
The orc hits you but does no damage.
The orc priest hits you but does no damage.
Ntombia gestures at the ogre while chanting.
The stone arrow hits the ogre!
The ogre dies!
Something hits Ntombia.
Your Invocations skill increases to level 3!
Found a book of Fire.
Something hits Ntombia!
The orc hits you but does no damage.
The orc priest hits you but does no damage.
Ntombia hits the orc priest with a +0 quarterstaff!
The orc priest dies!
Something hits you but does no damage.
Things that are here:
a +0 giant spiked club; an ogre corpse You hit the orc.
The orc is severely wounded.
You completely miss something. Something hits you but does no damage.
The orc hits you with a +0 short sword.
Ntombia hits something with a +0 quarterstaff.
You slash the orc!
You kill the orc!
You hit something.
Your surroundings seem slightly different.
Something hits you but does no damage.
You start resting.
Something hits you but does no damage. Something hits you.
You hit something. Something completely misses you. Something hits you.
* * * LOW HITPOINT WARNING * * *
Something closely misses Ntombia.
You closely miss something. Something hits you!
* * * LOW HITPOINT WARNING * * *
Something hits you.
* * * LOW HITPOINT WARNING * * *
Ntombia closely misses something.
You hit something but do no damage. Something hits you but does no damage.
Something hits Ntombia!
Ntombia barely misses something.
You hit something. Something hits you!
You die...

#.###### ### .......# §.
♣ ♣ #...... ♣ ~♣. .♣♣ .
..P.♣ .♣♣ ♣§♣♣ ...♣ ♣..P
♣P♣♣♣.§♣ ♣.♣♣.♣♣♣.♣♣♣
♣.♣.♣.§♣ .♣..P.♣....♣ ♣
♣.P.♣..♣♣♣..♣.....♣.♣ ♣♣.
P♣.♣..)♣.))8...♣@♣......
P.
♣..♣...†.))..#.R.#...♣..
#
.P♣..♣....)....!.:.....♣.
...
♣.♣PPP.♣..$#.?._...#...♣
.♣..
.♣♣♣P.♣..P............♣.
♣....
..♣P♣......P.#...#.....
♣♣P.#..
..♣..PP♣.....P....P§♣♣.P.
P....
..PP♣..♣♣♣..♣♣..♣♣.♣§♣P.


.PP ♣P#.#♣♣.PP♣P. #..# ♣ .P ♣♣.# You could see the friendly Ntombia the
battlemage.

Vanquished Creatures
  Eustachio (D:4)
  An ogre (D:4)
  A scorpion (D:5)
  A howler monkey (D:6)
  A bombardier beetle (D:3)
  An orc priest (D:5)
  An iguana (D:4)
  Ijyb (D:4)
  Natasha (thrice) (D:4)
  6 adders
  2 dart slugs
  2 ribbon worms (D:2)
  13 orcs
  9 ball pythons
  3 endoplasms
  2 giant cockroaches
  5 goblins
  5 hobgoblins
  8 jackals
  3 quokkas (D:1)
  6 bats
  A frilled lizard (D:1)
  10 kobolds
  6 rats
92 creatures vanquished.

Vanquished Creatures (collateral kills)
  Edmund (D:5)
  A water moccasin (D:5)
  An ice beast (D:5)
  2 ogres
  A phantom (D:5)
  A scorpion (D:5)
  A howler monkey (D:5)
  2 orc priests (D:6)
  A hound (D:5)
  4 iguanas (D:5)
  2 orc wizards
  A sleepcap (D:5)
  2 gnolls (D:6)
  An adder (D:5)
  4 river rats (D:6)
  4 orcs
29 creatures vanquished.

Grand Total: 121 creatures vanquished

Notes
Turn   | Place    | Note
-------+----------+-------------------------------------------
     0 | D:1      | booth the Demonspawn Monk began the quest for the Orb.
     0 | D:1      | Reached XP level 1. HP: 18/18 MP: 1/1
   211 | D:1      | Gained mutation: Spells you cast may paralyse adjacent
                  | enemies. [demonic ancestry]
   211 | D:1      | Reached XP level 2. HP: 21/24 MP: 2/2
   254 | D:1      | Reached skill level 3 in Axes
   558 | D:1      | Reached XP level 3. HP: 29/29 MP: 3/3
   698 | D:2      | Found Etorheri's Armour Emporium.
  1365 | D:3      | Found Cemnont's Assorted Antiques.
  1379 | D:3      | Reached XP level 4. HP: 15/37 MP: 4/4
  1500 | D:3      | Found Fireps's Assorted Antiques.
  1723 | D:3      | Reached skill level 4 in Axes
  1737 | D:3      | Found Lomes's Distillery.
  1767 | D:3      | Found a hide-covered altar of Uskayaw.
  1878 | D:3      | Found Xuipen's Antique Armour Shop.
  1967 | D:3      | Found a hazy altar of Hepliaklqana.
  2214 | D:4      | Gained mutation: You are partially covered in rugged brown
                  | scales. (AC +1, +3% HP) [demonic ancestry]
  2214 | D:4      | Reached XP level 5. HP: 34/43 MP: 5/5
  2328 | D:4      | Noticed Ijyb
  2350 | D:4      | Killed Ijyb
  2365 | D:4      | Found a sparkling altar of Nemelex Xobeh.
  2493 | D:3      | Bought a scroll labelled UFIB SODGHOESO for 22 gold pieces
  2493 | D:3      | Bought a potion of heal wounds for 110 gold pieces
  2536 | D:4      | Found a staircase to the Ecumenical Temple.
  2572 | Temple   | Entered the Ecumenical Temple
  2778 | D:4      | Noticed Eustachio
  2852 | D:4      | Killed Eustachio
  2853 | D:4      | Reached skill level 5 in Axes
  2853 | D:4      | Reached XP level 6. HP: 28/50 MP: 6/6
  3260 | D:4      | Noticed Natasha
  3271 | D:4      | Killed Natasha
  3272 | D:4      | Reached skill level 5 in Fighting
  3356 | D:4      | Noticed Natasha
  3366 | D:4      | Killed Natasha
  3442 | D:4      | Noticed Natasha
  3538 | D:4      | Killed Natasha
  3539 | D:4      | Reached skill level 6 in Axes
  3541 | D:4      | Gained mutation: Spells you cast may paralyse nearby
                  | enemies. [demonic ancestry]
  3541 | D:4      | Reached XP level 7. HP: 33/57 MP: 7/7
  3836 | D:5      | Entered Level 5 of the Dungeon
  3912 | D:3      | Became a worshipper of Hepliaklqana the Forgotten
  3912 | D:3      | Reached * piety under Hepliaklqana
  3912 | D:3      | Reached ** piety under Hepliaklqana
  3913 | D:3      | Remembered your ancestor Ntombia as a battlemage
  4189 | D:5      | Noticed Edmund
  4199 | D:5      | Killed Edmund
  4298 | D:5      | Reached skill level 7 in Axes
  4382 | D:5      | Reached XP level 8. HP: 58/59 MP: 8/8
  4461 | D:5      | Reached skill level 1 in Invocations
  5334 | D:6      | Reached skill level 8 in Axes
  5339 | D:6      | Found a stormy altar of Qazlal.
  5365 | D:6      | Slain by an unseen horror

Illustrated notes

Levels and vault maps discovered:
D:1:      sevenhm_arrival_forest_fort_small_3, layout_basic, minmay_tetromino_o2
D:2:      layout_basic, serial_shops, nicolae_shop_peninsula, st_stairs_2
D:3:      layout_rooms, mainiacjoe_overflow_chevrons,
          mainiacjoe_overflow_tiny_flanked, serial_shops, shop, shop, shop, shop
D:4:      layout_cave_pools, mainiacjoe_overflow_paths,
          minmay_temple_entry_crystal_x, serial_library,
          serial_library_regret_index_small_wings,
          serial_library_hellmonk_room_b, serial_library_hellmonk_junction,
          serial_library_hellmonk_double_dead_end,
          serial_library_hellmonk_open_cross, serial_library_hellmonk_room_c,
          serial_library_hellmonk_angled_corner, corexii_shack, uniq_eustachio,
          uniq_ijyb, uniq_natasha
D:5:      layout_layer_cave, uniq_edmund
D:6:      wad_woods_stonehenge, layout_loops_ring, uniq_blork_the_orc
Temple:   compressed_dpeg_triangle_lava_temple

Skill      XL: |  1  2  3  4  5  6  7  8 |
---------------+-------------------------+-----
Axes           | 3 4 5 6 7 8 |  8.2
Fighting       | 4 5 6 |  6.7
Dodging        | 3 |  3.7
Invocations    | 3 |  3.1

Action                     |  1- 3 |  4- 6 |  7- 9 || total
---------------------------+-------+-------+-------++-------
  Melee: Hand axe          |   118 |   174 |    75 ||   367
         Punch             |       |       |     1 ||     1
  Throw: Dart              |     2 |     6 |     2 ||    10
 Invoke: Ancestor Life: Ba |       |       |     1 ||     1
         Ancestor Identity |       |       |     1 ||     1
    Use: Scroll            |     5 |     4 |     4 ||    13
         Potion            |       |     1 |     3 ||     4
   Stab: Distracted        |       |       |     2 ||     2
 Armour: Robe              |    25 |       |       ||    25
         Ring mail         |    60 |   107 |    60 ||   227
  Dodge: Dodged            |    78 |    97 |    32 ||   207
